 Dungeon Crawl Stone Soup version 0.30-a0-360-g447f08457e (webtiles) character file.

Game seed: 4158310133303414672

36626 rsnlfwe the Blocker (level 13, -4/122 HPs)
             Began as a Minotaur Fighter on Nov 13, 2022.
             Was the Champion of Okawaru.
             Slain by a 20-headed hydra (6 damage)
             ... on level 14 of the Dungeon.
             The game lasted 00:30:51 (15593 turns).

rsnlfwe the Blocker (Minotaur Fighter)             Turns: 15593, Time: 00:30:51

Health: -4/122     AC: 30    Str: 31    XL:     13   Next: 54%
Magic:  12/12      EV: 12    Int:  8    God:    Okawaru [******]
Gold:   2434       SH: 14    Dex: 11    Spells: 12/12 levels left

rFire   + . .      SeeInvis .    n - +4 war axe (vamp)
rCold   + + .      Faith    .    j - +2 kite shield
rNeg    . . .      Spirit   .    e - +6 chain mail of the Blind Marksman {Will+}
rPois   +          Reflect  .    C - +2 hat {Int+3}
rElec   +          Harm     .    J - +1 cloak {rPois}
rCorr   .          Rampage  .    b - +2 pair of gloves
Will    ++...                    O - +2 pair of boots
Stlth   ..........               N - amulet of Daisies {RegenMP rC+ Dex+4}
HPRegen 0.40/turn                i - +6 ring of strength
MPRegen 0.53/turn                h - ring of Poepun {rF+ rC+ Will+}

@: no status effects
A: horns 2, retaliatory headbutt, clumsy 2, electricity resistance, inability to
read after injury 1
a: Renounce Religion, Heroism, Finesse, Duel


You were on level 14 of the Dungeon.
You worshipped Okawaru.
Okawaru was exalted by your worship.
You visited 2 branches of the dungeon, and saw 15 of its levels.
You visited the Abyss 1 time.
You also visited: Sewer, Bailey and Gauntlet.

You collected 2434 gold pieces.

Inventory:

Hand Weapons
 a - a +1 war axe of flaming
 n - a +4 vampiric war axe (weapon)
 w - a +0 broad axe
 L - a +3 broad axe of freezing
Missiles
 r - a throwing net (quivered)
Armour
 b - a +2 pair of gloves (worn)
 e - the +6 chain mail of the Blind Marksman (worn) {Will+}
   (You found it on level 2 of the Dungeon)

   Will:      It increases your willpower.
 j - a +2 kite shield (worn)
 x - a +4 plate armour
 C - a +2 hat of intelligence (worn)
 J - a +1 cloak of poison resistance (worn)
 O - a +2 pair of boots (worn)
Jewellery
 h - the ring of Poepun (right hand) {rF+ rC+ Will+}
   (You found it in a sewer)

   [ring of protection from cold]

   rF:        It protects you from fire.
   rC:        It protects you from cold.
   Will:      It increases your willpower.
 i - a +6 ring of strength (left hand)
 E - a ring of resist corrosion
 F - a +6 ring of dexterity
 I - a ring of poison resistance
 N - the amulet of Daisies (around neck) {RegenMP rC+ Dex+4}
   (You found it on level 12 of the Dungeon)

   [amulet of magic regeneration]

   It increases your rate of magic regeneration.
   Dex:       It affects your dexterity (+4).
   rC:        It protects you from cold.
Wands
 g - a wand of mindburst (13)
 s - a wand of iceblast (8)
 u - a wand of flame (31)
 G - a wand of polymorph (1)
 M - a wand of digging (4)
Scrolls
 d - 3 scrolls of blinking
 k - 6 scrolls of fog
 m - 10 scrolls of teleportation
 o - 9 scrolls of fear
 q - 4 scrolls of enchant weapon
 t - 2 scrolls of immolation
 y - 3 scrolls of enchant armour
 D - a scroll of magic mapping
Potions
 c - a potion of haste
 f - 9 potions of curing
 l - 5 potions of brilliance
 p - a potion of flight
 v - a potion of ambrosia
 z - 3 potions of heal wounds
 A - 2 potions of resistance
 B - a potion of magic
 H - a potion of attraction
Miscellaneous
 K - a condenser vane


   Skills:
 + Level 13.1 Fighting
 + Level 12.9 Axes
 + Level 13.1 Armour
 + Level 11.6 Dodging
 + Level 13.1 Shields


You had 12 spell levels left.
You didn't know any spells.
Your spell library contained the following spells:

 Spells                   Type           Power      Damage    Failure   Level
 Apportation              Tloc           0%         N/A       95%         1
 Beastly Appendage        Tmut           0%         N/A       95%         1
 Kiss of Death            Conj/Necr      0%         2d5       95%         1
 Necrotise                Necr           0%         1d4       95%         1
 Sandblast                Erth           0%         2d4       95%         1
 Slow                     Hex            0%         N/A       95%         1
 Passwall                 Tmut/Erth      0%         N/A       99%         2
 Wereblood                Tmut           0%         N/A       99%         2
 Confusing Touch          Hex            0%         N/A       100%        3
 Ignite Poison            Fire/Tmut/Pois 0%         N/A       100%        3
 Portal Projectile        Hex/Tloc       0%         N/A       100%        3
 Spider Form              Tmut/Pois      0%         N/A       100%        3
 Stone Arrow              Conj/Erth      0%         3d7       100%        3
 Vampiric Draining        Necr           0%         2d6       100%        3
 Dispel Undead            Necr           0%         3d6       100%        4
 Leda's Liquefaction      Hex/Erth       0%         N/A       100%        4
 Passage of Golubria      Tloc           0%         N/A       100%        4
 Sticky Flame             Conj/Fire      0%         2d3       100%        4
 Alistair's Intoxication  Tmut/Pois      0%         N/A       100%        5
 Borgnjor's Vile Clutch   Necr/Erth      0%         N/A       100%        5
 Yara's Violent Unravell  Hex/Tmut       0%         3d3       100%        5
 Ignition                 Fire           0%         3d3       100%        8
 Summon Small Mammal      Summ           Unusable   N/A       N/A         1
 Call Canine Familiar     Summ           Unusable   N/A       N/A         3
 Tukima's Dance           Hex            Unusable   N/A       N/A         3
 Animate Dead             Necr           Unusable   N/A       N/A         4
 Death Channel            Necr           Unusable   N/A       N/A         6

Dungeon Overview and Level Annotations

Branches:
Dungeon (14/15)            Temple (1/1) D:4            Lair (0/5) D:10
    Orc (0/2) D:9          Vaults (0/5) D:14          Sewer (visited)
 Bailey (visited)         Gauntlet (visited)

Altars:
Ashenzari
Dithmenos
Elyvilon
Fedhas
Hepliaklqana
Makhleb
Okawaru
Qazlal
Sif Muna
Trog
Wu Jian
Yredelemnul

Shops:
D:3 (   D:8 ([

Portals:
Trove: D:13 (give horn of Geryon)


Innate Abilities, Weirdness & Mutations

You have a pair of horns on your head.
You reflexively headbutt those who attack you in melee.
You are very clumsy. (Dex -4)
You are resistant to electric shocks. (rElec)
You occasionally lose the ability to read scrolls when taking damage.


Message History

The 18-headed hydra closely misses you.
The 18-headed hydra bites you but does no damage.
You block the 18-headed hydra's attack.
The 18-headed hydra bites you but does no damage.
The 18-headed hydra bites you!
* * * LOW HITPOINT WARNING * * *
The 18-headed hydra bites you but does no damage.
You block the 18-headed hydra's attack.
The 18-headed hydra bites you but does no damage.
The 18-headed hydra barely misses you.
The 18-headed hydra bites you but does no damage. x2
The 18-headed hydra closely misses you. You block the 18-headed hydra's attack.
You lop one of the 18-headed hydra's heads off!
The 17-headed hydra grows two more!
You slash the 19-headed hydra!
You feel better.
The 19-headed hydra is severely wounded.
The 19-headed hydra bites you but does no damage.
You block the 19-headed hydra's attack.
The 19-headed hydra completely misses you.
You block the 19-headed hydra's attack. The 19-headed hydra bites you!
* * * LOW HITPOINT WARNING * * *
You block the 19-headed hydra's attack.
The 19-headed hydra barely misses you. x3
The 19-headed hydra bites you but does no damage. x3
The 19-headed hydra closely misses you.
The 19-headed hydra bites you but does no damage. x3
The 19-headed hydra bites you.
* * * LOW HITPOINT WARNING * * *
The 19-headed hydra closely misses you. You block the 19-headed hydra's attack.
You slice one of the 19-headed hydra's heads off!
The 18-headed hydra grows two more!
You hit the 20-headed hydra.
You feel better.
Your headbutt misses the 20-headed hydra.
The 20-headed hydra is heavily wounded.
You block the 20-headed hydra's attack. x2
The 20-headed hydra bites you but does no damage.
The 20-headed hydra closely misses you. You block the 20-headed hydra's attack.
The 20-headed hydra bites you!
* * * LOW HITPOINT WARNING * * *
The 20-headed hydra bites you.
You die...

#........# #..#
#........####..#
#..............#
#..............#
#..............#
#..............#
#.............)###
#.................
#@................
#D...........?.###
#..............#
#..............#
#..............#
#..............#
#..............#
#........


You could see a 20-headed hydra.

Vanquished Creatures
  Gastronok (D:11)
  A minotaur (Gauntlet)
  The ghost of Bnni the Impaler, a journeyman MiGl of Yredelemnul (D:12)
  Erolcha (D:9)
  4 hydras
  2 vault guards (Bailey)
  A centaur warrior (D:13)
  2 two-headed ogres
  A boulder beetle (D:11)
  A death knight (D:12)
  2 tengu warriors
  A thrashing horror (Abyss:1)
  The ghost of Devinter the Carver, a novice MiFi of Gozag (D:6)
  4 deep elf pyromancers
  A deep elf zephyrmancer (D:14)
  9 ugly things
  A manticore (D:12)
  2 cyclopes
  2 gargoyles
  2 kobold demonologists (D:10)
  A komodo dragon (shapeshifter) (D:13)
  4 rime drakes
  A tengu conjurer (D:13)
  6 komodo dragons (D:11)
  4 trolls
  A hornet (D:11)
  2 slime creatures
  A blink frog (Bailey)
  Prince Ribbit (D:9)
  2 centaur simulacra (Gauntlet)
  4 flying skulls (Gauntlet)
  A shadow (D:12)
  A vampire (D:11)
  A wyvern (D:10)
  9 yaks (D:11)
  A steam dragon (D:6)
  5 humans (Bailey)
  13 vampire mosquitoes
  4 acid dragons
  A water moccasin (D:7)
  A meliai simulacrum (Gauntlet)
  2 ice beasts
  An ogre (D:4)
  3 orc warriors
  2 sky beasts
  A black bear (D:7)
  2 phantoms
  10 centaurs
  4 kobold brigands
  13 bullfrogs
  3 necrophages
  7 scorpions
  2 gnoll sergeants
  9 wights (D:7)
  19 killer bees
  A hornet simulacrum (Gauntlet)
  2 howler monkeys
  2 electric eels (D:11)
  8 orc priests
  4 hounds
  A jelly (D:6)
  Jessica (D:2)
  15 iguanas
  15 orc wizards
  A boggart simulacrum (Gauntlet)
  8 gnolls
  7 adders
  A white imp (D:8)
  2 ufetubi
  2 worms (D:3)
  36 orcs
  4 bats
  12 endoplasms
  16 giant cockroaches
  6 goblins
  5 hobgoblins
  9 jackals
  8 quokkas
  11 ball pythons
  25 frilled lizards
  21 kobolds
  A spectral hobgoblin (D:3)
406 creatures vanquished.

Vanquished Creatures (others)
  A wizard (D:14)
  23 demonic plants (Gauntlet)
  10 plants
  16 withered plants (Gauntlet)
50 creatures vanquished.

Grand Total: 456 creatures vanquished

Notes
Turn   | Place    | Note
-------+----------+-------------------------------------------
     0 | D:1      | rsnlfwe the Minotaur Fighter began the quest for the Orb.
     0 | D:1      | Reached XP level 1. HP: 19/19 MP: 0/0
   447 | D:2      | Reached XP level 2. HP: 27/27 MP: 1/1
   560 | D:2      | Reached skill level 1 in Dodging
   561 | D:2      | Identified the +6 chain mail of the Blind Marksman {Will+}
   626 | D:2      | Reached XP level 3. HP: 27/33 MP: 2/2
   744 | D:2      | Noticed Jessica
   748 | D:2      | Killed Jessica
   824 | D:2      | Reached XP level 4. HP: 40/40 MP: 3/3
   966 | D:3      | Found a faded altar of an unknown god.
  1235 | D:3      | Found an ornate altar of the Wu Jian Council.
  1261 | D:3      | Reached XP level 5. HP: 47/47 MP: 4/4
  1380 | D:3      | Found Qajelawn's Weapon Emporium.
  1638 | D:3      | Found a hazy altar of Hepliaklqana.
  1926 | D:4      | Found a staircase to the Ecumenical Temple.
  1937 | Temple   | Entered the Ecumenical Temple
  1958 | Temple   | Became a worshipper of Warmaster Okawaru
  2010 | D:4      | Gained mutation: You occasionally lose the ability to read
                  | scrolls when taking damage. [potion of mutation]
  2010 | D:4      | Gained mutation: You occasionally shout uncontrollably at
                  | your foes. [potion of mutation]
  2010 | D:4      | Gained mutation: You possess an exceptional clarity of
                  | mind. [potion of mutation]
  2010 | D:4      | Gained mutation: You are resistant to electric shocks.
                  | (rElec) [potion of mutation]
  2118 | D:4      | Noticed a sky beast
  2141 | D:4      | Killed a sky beast
  2142 | D:4      | Reached XP level 6. HP: 55/55 MP: 5/5
  2192 | D:4      | Reached skill level 5 in Fighting
  2192 | D:4      | Reached skill level 5 in Armour
  2192 | D:4      | Reached skill level 5 in Shields
  2434 | D:4      | Reached * piety under Okawaru
  2512 | D:4      | Found a bloodstained altar of Trog.
  2555 | D:5      | Entered Level 5 of the Dungeon
  2560 | D:5      | Reached XP level 7. HP: 61/61 MP: 6/6
  2629 | D:5      | Reached skill level 5 in Axes
  3163 | D:5      | Reached ** piety under Okawaru
  3164 | D:5      | Reached XP level 8. HP: 57/70 MP: 7/7
  3831 | D:6      | Noticed Devinter's ghost (novice MiFi)
  3840 | D:6      | Found a transporter.
  3879 | Abyss:1  | Cast into level 1 of the Abyss (gnoll sergeant)
  3925 | Abyss:1  | Noticed a thrashing horror
  3936 | Abyss:1  | Killed a thrashing horror
  3936 | Abyss:1  | Reached *** piety under Okawaru
  3937 | Abyss:1  | Reached skill level 5 in Dodging
  3965 | Abyss:1  | Noticed a large abomination
  3967 | D:6      | Escaped the Abyss
  4199 | D:6      | Reached XP level 9. HP: 79/79 MP: 8/8
  4216 | D:6      | Found a glowing drain.
  4235 | Sewer    | Entered a sewer
  4495 | Sewer    | Identified the +5 dagger of Karma {pain, rC+}
  4507 | Sewer    | Identified the ring of Poepun {rF+ rC+ Will+}
  4636 | D:6      | Found a transporter.
  4668 | D:6      | Killed Devinter's ghost
  4668 | D:6      | Reached **** piety under Okawaru
  4812 | D:6      | Found a shimmering blue altar of Sif Muna.
  5436 | D:7      | Reached XP level 10. HP: 90/90 MP: 9/9
  6029 | D:8      | Noticed a two-headed ogre
  6037 | D:8      | Killed a two-headed ogre
  6066 | D:8      | Found Hazxo's Armour Boutique.
  6148 | D:8      | Reached ***** piety under Okawaru
  6434 | D:8      | Found a basalt altar of Yredelemnul.
  6572 | D:8      | Found a shadowy altar of Dithmenos.
  6614 | D:8      | Identified a scroll of acquirement
  6614 | D:8      | Acquired 691 gold pieces
  6696 | D:8      | Found Baetosk's Weapon Shoppe.
  6848 | D:9      | Noticed Prince Ribbit
  6857 | D:9      | Killed Prince Ribbit
  6895 | D:9      | Noticed Erolcha
  6905 | D:9      | Killed Erolcha
  7166 | D:9      | Found a staircase to the Orcish Mines.
  7404 | D:9      | Found a blossoming altar of Fedhas.
  7580 | D:9      | Identified the +1 chain mail "Nuuth" {Rampage Will+ SInv}
                  | (Okawaru gifted it to you on level 9 of the Dungeon)
  7580 | D:9      | Received a gift from Okawaru
  7875 | D:10     | Entered Level 10 of the Dungeon
  7951 | D:10     | Reached XP level 11. HP: 99/99 MP: 10/10
  8051 | D:10     | Noticed a two-headed ogre
  8060 | D:10     | Killed a two-headed ogre
  8061 | D:10     | Reached skill level 10 in Fighting
  8337 | D:10     | Found a flagged portal.
  8349 | Bailey   | Entered a bailey
  8356 | Bailey   | Reached skill level 10 in Shields
  8360 | Bailey   | Reached skill level 10 in Armour
  8519 | Bailey   | Noticed a vault guard
  8539 | Bailey   | Killed a vault guard
  8541 | Bailey   | Reached skill level 10 in Axes
  8632 | Bailey   | Noticed a vault guard
  8639 | Bailey   | Killed a vault guard
  8738 | D:10     | Found a staircase to the Lair.
  8838 | D:10     | Lost mutation: You possess an exceptional clarity of mind.
                  | [potion of mutation]
  8838 | D:10     | Lost mutation: You occasionally shout uncontrollably at
                  | your foes. [potion of mutation]
  8838 | D:10     | Gained mutation: You are clumsy. (Dex -2) [potion of
                  | mutation]
  8838 | D:10     | Gained mutation: You are very clumsy. (Dex -4) [potion of
                  | mutation]
  9264 | D:10     | Found a white marble altar of Elyvilon.
  9917 | D:11     | Noticed a boulder beetle
  9932 | D:11     | Killed a boulder beetle
  9966 | D:11     | Noticed Gastronok
  9978 | D:11     | Killed Gastronok
  9978 | D:11     | Identified the +6 battleaxe of Modesty {flame, rCorr Dex-2
                  | Stlth+} (Okawaru gifted it to you on level 11 of the
                  | Dungeon)
  9978 | D:11     | Received a gift from Okawaru
 10115 | D:11     | Reached ****** piety under Okawaru
 10117 | D:11     | Reached XP level 12. HP: 93/110 MP: 11/11
 10179 | D:11     | Paralysed by a hornet for 3 turns
 10508 | D:11     | Reached skill level 10 in Dodging
 11112 | D:12     | Identified the +4 scale mail of the Several Quests {rPois
                  | rF+ Int+3} (Okawaru gifted it to you on level 12 of the
                  | Dungeon)
 11112 | D:12     | Received a gift from Okawaru
 11140 | D:12     | Found a gate leading to a gauntlet.
 11151 | Gauntlet | Entered a Gauntlet
 11151 | Gauntlet | Found a transporter.
 11151 | Gauntlet | Found a transporter.
 11151 | Gauntlet | Found a transporter.
 11151 | Gauntlet | Found a transporter.
 11196 | Gauntlet | Found a transporter.
 11206 | Gauntlet | Found a transporter.
 11227 | Gauntlet | Found a transporter.
 11235 | Gauntlet | Found a transporter.
 11241 | Gauntlet | Found a transporter.
 11258 | Gauntlet | Found a transporter.
 11266 | Gauntlet | Found a transporter.
 11284 | Gauntlet | Found a transporter.
 11453 | Gauntlet | Acquired 733 gold pieces
 11735 | Gauntlet | Noticed a minotaur
 11747 | Gauntlet | Killed a minotaur
 11761 | Gauntlet | Identified the +0 ring mail of Vampiric Thralls {Drain
                  | Str+5}
 11762 | Gauntlet | Got the Teachings on Evolution
 12059 | D:12     | Found a runed translucent gate.
 12059 | D:12     | Found a runed translucent gate.
 12059 | D:12     | Noticed Bnni's ghost (journeyman MiGl)
 12064 | D:12     | Noticed a 12-headed hydra
 12065 | D:12     | Found a runed translucent gate.
 12065 | D:12     | Noticed a 13-headed hydra
 12082 | D:12     | Killed a nine-headed hydra
 12082 | D:12     | Killed a ten-headed hydra
 12086 | D:12     | Killed Bnni's ghost
 12586 | D:12     | Identified the amulet of Daisies {RegenMP rC+ Dex+4}
 12627 | D:12     | Noticed a death knight
 12636 | D:12     | Killed a death knight
 12637 | D:12     | Reached XP level 13. HP: 82/119 MP: 12/12
 13690 | D:13     | Found a portal to a secret trove of treasure.
 14086 | D:13     | Received a gift from Okawaru
 15245 | D:14     | Found a gate to the Vaults.
 15593 | D:14     | HP: 2/122 [20-headed hydra (10)]
 15593 | D:14     | Slain by a 20-headed hydra

Illustrated notes

Levels and vault maps discovered:
D:1:      evilmike_arrival_hilbert_curve, layout_rooms
D:2:      layout_rooms, uniq_jessica
D:3:      layout_loops_ring, mainiacjoe_overflow_surrounded_room,
          worldfamousw_hep_ancestral_shrine,
          dreamdust_ecumenical_altar_drowned_temple, serial_shops, shop_statue
D:4:      layout_loops_ring, lightli_temple_of_fire,
          minmay_temple_entry_overgrown
D:5:      layout_layer_cave
D:6:      layout_gridville, tgw_sif, gup_sewer_entry_glass,
          gammafunk_ghost_arena, kennysheep_generic_room_7
D:7:      layout_loops_ring
D:8:      layout_loops_ring, mainiacjoe_overflow_alcove_4,
          yredelemnul_altar_generic, serial_shops, shop, shop,
          minmay_misc_feat_pillars, serial_bayou_pond_e, st_stairs_5,
          due_unseen_surprise
D:9:      layout_stronghold, lemuel_coloured_pillars_altar, david_orc_3,
          kennysheep_boxes, uniq_erolcha, uniq_prince_ribbit1
D:10:     layout_grid_maze, elyvilon_altar_1, lair_entry_dummy, enter_bailey_2
D:11:     lemuel_reptile_caves, layout_basic, uniq_gastronok
D:12:     layout_stronghold, gauntlet_entry_generic, gammafunk_ghost_hydra_chop,
          kennysheep_generic_room_5
D:13:     layout_stronghold, nicolae_trove_entry_crystal, kennysheep_path_1,
          minmay_diced_spiral
D:14:     layout_long_grid, david_vaults_1
Temple:   jpeg_temple_clearing

Skill      XL: |  1  2  3  4  5  6  7  8  9 10 11 12 13 |
---------------+----------------------------------------+-----
Fighting       | 4 5 6 7 8 9 11 12 13 | 13.1
Dodging        | 1 2 3 4 5 6 8 9 11 | 11.6
Armour         | 4 5 6 7 8 9 11 12 13 | 13.1
Shields        | 4 5 6 7 8 9 11 12 13 | 13.1
Axes           | 3 4 5 6 8 9 10 12 | 12.9

Action                   |  1- 3 |  4- 6 |  7- 9 | 10-12 | 13-15 || total
-------------------------+-------+-------+-------+-------+-------++-------
Melee: War axe           |    44 |   109 |   241 |   512 |   133 ||  1039
       Headbutt          |     8 |    16 |    27 |    97 |    31 ||   179
       Battleaxe         |       |       |       |     7 |       ||     7
Invok: Heroism           |       |       |       |     2 |       ||     2
       Finesse           |       |       |       |     1 |       ||     1
Evoke: Wand              |       |       |     1 |       |     1 ||     2
  Use: Scroll            |     6 |     4 |     5 |     9 |     5 ||    29
       Potion            |       |     1 |     2 |     4 |       ||     7
Armor: Scale mail        |    25 |       |       |       |       ||    25
       Chain mail        |     3 |    67 |   189 |   363 |   167 ||   789
Dodge: Dodged            |    19 |    27 |   125 |   313 |   114 ||   598
Block: Buckler           |    12 |    21 |    78 |   146 |       ||   257
       Kite shield       |       |       |       |    44 |   177 ||   221

Table legend: (Time is in decaauts)
 A = Elapsed time spent in this place.
 B = Non-inter-level travel time spent in this place.
 C = Inter-level travel time spent in this place.
 D = Time resting spent in this place.
 E = Time spent auto-exploring this place.
 F = Levels seen in this place.
 G = Mean time per level.
                   A        B        C        D        E       F      G
               +--------+--------+--------+--------+--------+-----+--------+
         Total |  15805 |  14634 |   1171 |    273 |  11168 |  19 |  831.8 |
       Dungeon |  14343 |  13190 |   1153 |    198 |  10379 |  14 | 1024.5 |
        Temple |     39 |     21 |     18 |      0 |      7 |   1 |   39.0 |
         Abyss |     89 |     89 |      0 |      0 |     73 |   1 |   89.0 |
         Sewer |    369 |    369 |      0 |      0 |    170 |   1 |  369.0 |
        Bailey |    355 |    355 |      0 |      0 |    190 |   1 |  355.0 |
      Gauntlet |    607 |    607 |      0 |     75 |    348 |   1 |  607.0 |
               +--------+--------+--------+--------+--------+-----+--------+

Top non-repeatable levels by time:
    D:12: 1625 daAuts
    D:13: 1431 daAuts
    D:11: 1428 daAuts
    D:10: 1408 daAuts
     D:5: 1340 daAuts
     D:9: 1210 daAuts
     D:6: 1095 daAuts
     D:3: 1008 daAuts
     D:7: 818 daAuts
     D:8: 779 daAuts
     D:4: 735 daAuts
Gauntlet: 607 daAuts
     D:2: 542 daAuts
    D:14: 487 daAuts
     D:1: 430 daAuts
